 Dungeon Crawl Stone Soup version 0.24-a0-416-g56ce5178b7 (webtiles) character file.

Game seed: 8461927278642759104

1480 HAL9000 the Transmogrifier (level 8, -1/59 HPs)
             Began as a Green Draconian Transmuter on June 9, 2019.
             Was an Initiate of Ru.
             Slain by an ice beast (6 damage)
             ... on level 6 of the Dungeon.
             The game lasted 00:08:30 (7305 turns).

HAL9000 the Transmogrifier (DrTm)                   Turns: 7305, Time: 00:08:31

Health: -1/59      AC:  2    Str: 13    XL:     8   Next: 50%
Magic:  8/11       EV: 19    Int: 14    God:    Ru [......]
Gold:   278        SH:  0    Dex: 18    Spells: 0/11 levels left

rFire    . . .     SeeInvis .     - Unarmed
rCold    . . .     Gourm    .   (shield currently unavailable)
rNeg     . . .     Faith    .   (armour unavailable)
rPois    x         Spirit   .   (helmet currently unavailable)
rElec    .         Reflect  .   (cloak currently unavailable)
rCorr    +         Harm     .   (gloves currently unavailable)
MR       .....                  (boots currently unavailable)
Stlth    ++........             (no amulet)
HPRegen  0.19/turn              u - ring of resist corrosion
MPRegen  0.12/turn              (no ring)

@: spider-form
A: tiny, (breathe noxious fumes), unfitting armour, AC +6
a: End Transformation, Renounce Religion


You were on level 6 of the Dungeon.
You worshipped Ru.
Ru was noncommittal.
You were hungry.
You were a venomous arachnid creature.
You visited 1 branch of the dungeon, and saw 6 of its levels.

You collected 278 gold pieces.

Inventory:

Hand Weapons
 e - a +2 dagger of electrocution
Missiles
 a - 84 arrows
 w - 13 javelins (quivered)
Armour
 p - a +0 shield
 t - a +0 pair of boots (melded)
 x - a +0 pair of gloves (melded)
Jewellery
 u - a ring of resist corrosion (left front leg)
Scrolls
 d - a scroll of fear {unknown}
 g - a scroll of random uselessness {unknown}
 h - 5 scrolls of magic mapping {unknown}
 j - 2 scrolls of enchant armour
 o - 2 scrolls of teleportation {unknown}
 r - 3 scrolls of amnesia {unknown}
 y - a scroll of fog {unknown}
Potions
 b - a potion of agility
 f - 5 potions of heal wounds
 i - a potion of brilliance
 k - 2 potions of magic
 l - a potion of lignification
 m - a potion of resistance {unknown}
 n - 2 potions of mutation
 q - a potion of flight {unknown}
 s - 2 potions of curing {unknown}
 v - a potion of might {unknown}
Comestibles
 c - 8 rations


   Skills:
 - Level 1.1 Fighting
 - Level 1.7 Dodging
 - Level 5.1 Unarmed Combat
 - Level 2.0 Spellcasting
 + Level 9.9 Transmutations


You couldn't memorise any spells.
You knew the following spells:

 Your Spells              Type           Power        Failure   Level  Hunger
a - Beastly Appendage     Tmut           ####..       3%          1    ##.....
b - Sticks to Snakes      Tmut           ####....     4%          2    ###....
c - Spider Form           Tmut/Pois      ###.......   24%         3    ####...
d - Blade Hands           Tmut           ####......   26%         5    ######.

Your spell library contained the following spells:

 Spells                   Type           Power        Failure   Level  Hunger
 Ice Form                 Ice/Tmut       ###.....     52%         4    #####..


Dungeon Overview and Level Annotations

Branches:
Dungeon (6/15)
 Temple: D:4-7

Altars:
Cheibriados
Gozag
Nemelex Xobeh
Okawaru
Qazlal
Ru
Xom

Shops:
D:5 (


Innate Abilities, Weirdness & Mutations

((You can breathe blasts of noxious fumes.))
((Your lurid green scales are hard. (AC +6)))
You cannot fit into any form of body armour.
((Your system is resistant to poisons. (rPois)))
((You are cold-blooded and may be slowed by cold attacks.))


Message History

You turn into a venomous arachnid creature.
Your +0 pair of gloves melds into your body.
Your +0 pair of boots melds into your body.
The ice beast closely misses you.
Unknown command.
You bite the ice beast!
The ice beast is heavily wounded.
The ice beast hits you. The ice beast freezes you!
* * * LOW HITPOINT WARNING * * *
You hit the ice beast but do no damage.
The ice beast is poisoned.
The ice beast is heavily wounded.
The ice beast barely misses you.
You hit the ice beast.
The ice beast is severely wounded.
You barely miss the ice beast.
The ice beast is almost dead.
The ice beast hits you.
* * * LOW HITPOINT WARNING * * *
The ice beast freezes you.
You die...

.. #.# ###.# ...#
######### ##.##
###........
#####...###..........
...........###.#.###.#
..........####.#.# .##
#..###.....##.#.##...#
#....)#.#.##.#......#
#...............#...#
#.##.##.#.####..# ###
#. #.. #...# #..... #
.........[. ..#####


You could see an ice beast.

Vanquished Creatures
  Grinder (D:4)
  Eustachio (D:5)
  An ice beast (D:5)
  A phantom (D:5)
  A centaur (D:5)
  A bullfrog (D:5)
  A wyvern zombie (D:4)
  A howler monkey (D:6)
  A bullfrog zombie (D:5)
  A hound (D:5)
  A jelly (D:5)
  A centaur skeleton (D:6)
  Jessica (D:3)
  An iguana (D:5)
  Natasha (thrice) (D:2)
  Terence (D:3)
  3 orc wizards
  A worker ant (D:4)
  Robin (D:2)
  5 gnolls
  4 adders
  2 worms
  4 dart slugs
  5 leopard geckos
  17 orcs
  2 giant cockroaches
  12 goblins
  11 hobgoblins
  4 jackals (D:2)
  3 quokkas
  11 bats
  6 frilled lizards
  11 kobolds
  2 leopard gecko skeletons
  A leopard gecko zombie (D:5)
  A quokka skeleton (D:4)
  8 rats
132 creatures vanquished.

Vanquished Creatures (collateral kills)
  Sigmund (D:3)
  A gnoll (D:2)
  2 orcs (D:3)
  A goblin (D:2)
  A kobold (D:3)
6 creatures vanquished.

Vanquished Creatures (others)
  A goblin (D:2)
1 creature vanquished.

Grand Total: 139 creatures vanquished

Notes
Turn   | Place    | Note
-------+----------+-------------------------------------------
     0 | D:1      | HAL9000 the Draconian Transmuter began the quest for the
                  | Orb.
     0 | D:1      | Reached XP level 1. HP: 16/16 MP: 3/3
   187 | D:1      | Reached XP level 2. HP: 23/23 MP: 5/5
   889 | D:1      | Reached XP level 3. HP: 24/28 MP: 4/6
  1101 | D:2      | Learned a level 2 spell: Sticks to Snakes
  1457 | D:2      | Noticed Robin
  1489 | D:2      | Killed Robin
  1489 | D:2      | Reached skill level 5 in Unarmed Combat
  1489 | D:2      | Reached XP level 4. HP: 25/35 MP: 4/7
  1528 | D:2      | Noticed Natasha
  1538 | D:2      | Killed Natasha
  2033 | D:2      | Noticed Natasha
  2041 | D:2      | Killed Natasha
  2041 | D:2      | Reached skill level 3 in Transmutations
  2041 | D:2      | Reached XP level 5. HP: 30/40 MP: 5/8
  2067 | D:2      | Learned a level 3 spell: Spider Form
  2130 | D:2      | Found a stormy altar of Qazlal.
  2288 | D:2      | Noticed Natasha
  2294 | D:2      | Killed Natasha
  2545 | D:3      | Noticed Sigmund
  2732 | D:3      | Noticed Jessica
  2736 | D:3      | Killed Jessica
  2736 | D:3      | Reached skill level 4 in Transmutations
  3164 | D:3      | Noticed Terence
  3181 | D:3      | Killed Terence
  3181 | D:3      | Reached XP level 6. HP: 35/47 MP: 6/9
  3354 | D:3      | Killed Sigmund
  3354 | D:3      | Reached skill level 6 in Transmutations
  3461 | D:3      | Found a shimmering altar of Xom.
  3462 | D:3      | Found an iron altar of Okawaru.
  3463 | D:3      | Found an opulent altar of Gozag.
  3476 | D:3      | Found a snail-covered altar of Cheibriados.
  3792 | D:4      | Your scales start taking on a lurid green colour.
  3792 | D:4      | Reached XP level 7. HP: 17/52 MP: 7/10
  3792 | D:4      | Gained mutation: Your system is resistant to poisons.
                  | (rPois) [Green Draconian growth]
  4191 | D:4      | Found a sparkling altar of Nemelex Xobeh.
  4521 | D:4      | Noticed Grinder
  4526 | D:4      | Paralysed by Grinder for 7 turns
  4536 | D:4      | Paralysed by Grinder for 4 turns
  4545 | D:4      | Killed Grinder
  4545 | D:4      | Reached skill level 7 in Transmutations
  5459 | D:5      | Entered Level 5 of the Dungeon
  5536 | D:5      | Found a sacrificial altar of Ru.
  5541 | D:5      | Became a worshipper of Ru the Awakened
  5738 | D:5      | Reached skill level 8 in Transmutations
  6078 | D:5      | Found Lodou's Weapon Boutique.
  6226 | D:5      | Reached XP level 8. HP: 13/59 MP: 5/11
  6559 | D:5      | Reached skill level 9 in Transmutations
  6590 | D:5      | Learned a level 5 spell: Blade Hands
  6641 | D:5      | Noticed Eustachio
  6720 | D:5      | Killed Eustachio
  7260 | D:6      | Found an iron altar of Okawaru.
  7305 | D:6      | Slain by an ice beast

Levels and vault maps discovered:
D:1:      erik_arrival_triangle_large, layout_basic, due_unseen_surprise
D:2:      wad_river_or_something, layout_basic, grunt_qazlal_clouds,
          minmay_split_cup_large, uniq_robin, uniq_natasha
D:3:      layout_rooms, nicolae_overflow_quartered_altars, uniq_sigmund,
          uniq_jessica, uniq_terence
D:4:      layout_layer_cave, first_ration, nemelex_spade_bored_becter,
          uniq_grinder
D:5:      layout_basic, serial_shops, nicolae_shop_waterfront,
          nicolae_ru_awakened_eye, uniq_eustachio
D:6:      layout_loops_ring, overflow_temple_1_default,
          minmay_temple_entry_arrows, okawaru_gym_becter

Skill      XL: |  1  2  3  4  5  6  7  8 |
---------------+-------------------------+-----
Unarmed Combat | 4 5 |  5.1
Transmutations | 3 4 6 8 9 |  9.9
Fighting       | |  1.1
Dodging        | |  1.7
Spellcasting   | |  2.0

Action                   |  1- 3 |  4- 6 |  7- 9 || total
-------------------------+-------+-------+-------++-------
Melee: Unarmed           |   135 |   190 |   207 ||   532
       Punch             |     2 |     2 |     3 ||     7
       Tailslap          |    12 |    15 |    14 ||    41
       Headbutt          |     2 |     4 |     1 ||     7
       Kick              |     1 |     2 |       ||     3
 Cast: Beastly Appendage |    10 |     7 |     1 ||    18
       Sticks to Snakes  |     3 |     6 |     3 ||    12
       Spider Form       |       |     7 |    12 ||    19
 Abil: Breathe Noxious F |       |       |     4 ||     4
  Use: Scroll            |       |       |     7 ||     7
 Stab: Sleeping          |       |     1 |     1 ||     2
       Distracted        |       |     1 |       ||     1
       Confused          |       |       |     3 ||     3
  Eat: Ration            |     1 |       |     1 ||     2
       Chunk             |       |     8 |    10 ||    18
Armor: Skin              |    34 |    69 |    49 ||   152
Dodge: Dodged            |    85 |   160 |   152 ||   397

Table legend:
 A = Non-vault XP
 B = Vault XP
 C = Vault XP percentage of total XP
 D = Non-vault monster count
 E = Vault monster count
 F = Vault count percentage of total count
                 A         B        C        D         E       F
            +---------+---------+-------+---------+---------+-------
      Total |    1319 |     796 |  37.6 |     108 |      30 |  21.7
            +---------+---------+-------+---------+---------+-------
        D:1 |      52 |       0 |   0.0 |      25 |       0 |   0.0
        D:2 |     124 |      95 |  43.4 |      19 |      25 |  56.8
        D:3 |      91 |     295 |  76.4 |      25 |       3 |  10.7
        D:4 |     190 |     215 |  53.1 |      13 |       1 |   7.1
        D:5 |     730 |     191 |  20.7 |      20 |       1 |   4.8
        D:6 |     132 |       0 |   0.0 |       6 |       0 |   0.0
            +---------+---------+-------+---------+---------+-------
